 Dungeon Crawl Stone Soup version 0.30-a0-576-g89cddaab80 (webtiles) character file.

Game seed: 11064459914393566882

75366 stingscourger the Spry (level 15, -2/115 HPs)
             Began as a Felid Summoner on Dec 30, 2022.
             Was an Initiate of Gozag.
             Slain by a death yak (9 damage)
             ... led by Polyphemus
             ... while petrified by a catoblepas
             ... on level 2 of the Shoals.
             The game lasted 01:55:49 (48595 turns).

stingscourger the Spry (Felid Summoner)            Turns: 48595, Time: 01:55:50

Health: -2/115     AC: 16    Str: 14    XL:     15   Next: 9%
Magic:  10/30      EV:  1    Int: 22    God:    Gozag
Gold:   1357       SH:  0    Dex: 19    Spells: 3/34 levels left
                                        Lives:  0   Deaths: 3

rFire   + + .      SeeInvis +      - Unarmed
rCold   x . .      Faith    .    (shield unavailable)
rNeg    + + +      Spirit   .    (body armour unavailable)
rPois   ∞          Reflect  .    (helmet unavailable)
rElec   .          Harm     .    (cloak unavailable)
rCorr   .          Rampage  .    (gloves unavailable)
Will    ++...                    (boots unavailable)
Stlth   ++                       (no amulet)
HPRegen 0.39/turn                Z - ring of wizardry
MPRegen 0.22/turn                E - +5 ring of evasion

@: dragon-form, petrified, forested, gold aura, flying
A: dragon claw, dragon scales, breathe fire, flying, boosted hp, giant, (claws
1), (fangs 3), see invisible, (speed 1), (shaggy fur 3), (stealthy paws), no
weapons or thrown items, no armour, multi-lived
a: Breathe Fire, End Transformation, Renounce Religion, Potion Petition, Call
Merchant, Bribe Branch


You were on level 2 of the Shoals.
You worshipped Gozag.
Gozag was most pleased with you.
You were a fearsome dragon!
You visited 6 branches of the dungeon, and saw 28 of its levels.
You visited 1 bazaar.
You also visited: Bailey.

You collected 10731 gold pieces.
You spent 1456 gold pieces at shops.
You paid 7918 gold pieces to Gozag.


Innate Abilities, Weirdness & Mutations

You are a fearsome dragon!
You have a powerful clawing attack.
Your giant scaled body is strong and resiliant, but less evasive.
You can breathe fire.
You are flying.
Your maximum health is greatly increased.
You are immune to poison.
((You have sharp claws.))
((You have razor-sharp teeth.))
You have supernaturally acute eyesight. (SInv)
((You cover ground quickly. (Speed+)))
((Your thick and shaggy fur keeps you warm. (AC +3, rC+)))
((Your paws help you pounce on unaware monsters.))
You are incapable of wielding weapons or throwing items.
You cannot wear armour.
You gain extra lives every three experience levels.


   Skills:
 - Level 15.0 Fighting
 - Level 19.0 Dodging
 - Level 2.6 Stealth
 + Level 7.2 Unarmed Combat
 - Level 10.0 Spellcasting
 - Level 10.0 Hexes
 - Level 10.0 Summonings
 - Level 10.0 Translocations
 + Level 14.9 Transmutations
 - Level 7.0 Air Magic
 - Level 3.2 Earth Magic


You had 3 spell levels left.
You knew the following spells:

 Your Spells              Type           Power      Damage    Failure   Level
c - Call Canine Familiar  Summ           53%        N/A       1%          3
d - Dragon Form           Tmut           33%        N/A       4%          7
f - Summon Forest         Summ/Tloc      26%        N/A       1%          5
l - Summon Lightning Spi  Summ/Air       48%        N/A       1%          4
m - Summon Mana Viper     Hex/Summ       53%        N/A       1%          5
s - Summon Small Mammal   Summ           100%       N/A       1%          1
S - Statue Form           Tmut/Erth      33%        N/A       9%          6

Your spell library contained the following spells:

 Spells                   Type           Power      Damage    Failure   Level
 Shock                    Conj/Air       100%       1d9       1%          1
 Sting                    Tmut/Pois      100%       1d8       1%          1
 Call Imp                 Summ           53%        N/A       1%          2
 Cigotuvi's Dreadful Rot  Necr/Pois/Air  42%        N/A       1%          2
 Poisonous Vapours        Pois/Air       52%        N/A       1%          2
 Dazzling Flash           Conj/Hex       66%        N/A       1%          3
 Gell's Gravitas          Tloc           53%        N/A       1%          3
 Kindle Blastsparks       Fire/Tloc/Air  70%        2d15      1%          3
 Summon Guardian Golem    Hex/Summ       53%        N/A       1%          3
 Swiftness                Air            41%        N/A       1%          3
 Teleport Other           Tloc           53%        N/A       1%          3
 Freeze                   Ice            44%        1d6       2%          1
 Magic Dart               Conj           44%        1d5       2%          1
 Scorch                   Fire           22%        2d6       3%          2
 Searing Ray              Conj           22%        2d5       3%          2
 Hailstorm                Conj/Ice       11%        3d5       8%          3
 Airstrike                Air            20%        2d(3-19)  1%          4
 Ice Form                 Ice/Tmut       43%        N/A       1%          4
 Leda's Liquefaction      Hex/Erth       20%        N/A       1%          4
 Petrify                  Tmut/Erth      50%        N/A       1%          4
 Silence                  Hex/Air        24%        N/A       1%          5
 Fulminant Prism          Conj/Hex       16%        3d10      3%          4
 Iskenderun's Mystic Bla  Conj/Tloc      33%        2d8       3%          4
 Dispersal                Tloc           26%        N/A       6%          6
 Summon Cactus Giant      Summ           26%        N/A       6%          6
 Lee's Rapid Deconstruct  Erth           12%        3d9*      17%         5
 Dispel Undead            Necr           11%        3d9       24%         4
 Flame Wave               Conj/Fire      11%        2d6       24%         4
 Olgreb's Toxic Radiance  Pois           11%        N/A       24%         4
 Agony                    Necr           11%        N/A       52%         5
 Fireball                 Conj/Fire      5%         3d5       52%         5
 Iskenderun's Battlesphe  Conj           11%        2d7       52%         5
 Conjure Ball Lightning   Conj/Air       13%        3x3d7     61%         6
 Death Channel            Necr           5%         N/A       97%         6
 Orb of Destruction       Conj           5%         9d5       100%        7
 Portal Projectile        Hex/Tloc       Unusable   N/A       N/A         3
 Simulacrum               Ice/Necr       Unusable   N/A       N/A         6

Inventory:

Jewellery
 C - a ring of ice
   (You found it on level 5 of the Lair of Beasts)
 E - a +5 ring of evasion (right foreclaw)
   (You found it on level 11 of the Dungeon)
 N - a ring of positive energy
   (You found it on level 6 of the Dungeon)
 Z - a ring of wizardry (left foreclaw)
   (You found it on level 5 of the Dungeon)
Wands
 t - a wand of paralysis (14)
   (You found it on level 5 of the Dungeon)
 u - a wand of digging (7)
   (You found it on level 6 of the Dungeon)
 x - a wand of flame (61)
   (You found it on level 8 of the Dungeon)
 I - a wand of mindburst (6)
   (You took it off a boggart on level 5 of the Lair of Beasts)
 Q - a wand of roots (9)
   (You found it on level 13 of the Dungeon)
Scrolls
 d - 7 scrolls of noise {!r}
 e - 4 scrolls of enchant armour
 f - 3 scrolls of vulnerability {!r!r}
 h - 9 scrolls of teleportation {@r4}
 k - 12 scrolls of enchant weapon
 l - 7 scrolls of poison {!r}
 m - 4 scrolls of fear
 o - 3 scrolls of blinking {!r}
 v - 8 scrolls of identify {@r1}
 y - 3 scrolls of magic mapping {!r}
 A - 9 scrolls of fog
 B - a scroll of immolation {!r!r}
 D - a scroll of torment {!r}
 L - 7 scrolls of amnesia
 M - a scroll of silence {!r!r}
 P - a scroll of butterflies
Potions
 a - a potion of magic
 b - 8 potions of degeneration {!q}
 c - 3 potions of attraction {!q}
 g - 3 potions of invisibility
 i - 9 potions of haste {@q3}
 j - 4 potions of cancellation
 n - 3 potions of resistance
 p - 7 potions of lignification {!q}
 q - 12 potions of curing {@q1}
 r - 2 potions of heal wounds {@q2}
 w - 6 potions of brilliance
 z - 3 potions of might
 G - 6 potions of ambrosia
 H - a potion of flight
 K - 4 potions of mutation {!q}
Miscellaneous
 s - a lightning rod (4/4)
   (You found it on level 1 of the Lair of Beasts)
 F - a tin of tremorstones (2/2)
   (You found it on level 10 of the Dungeon)
 J - a condenser vane
   (You found it on level 3 of the Lair of Beasts)
 O - a box of beasts
   (You found it on level 12 of the Dungeon)

Dungeon Overview and Level Annotations

Branches:
Dungeon (15/15)            Temple (1/1) D:7            Lair (5/5) D:9
 Shoals (2/4) Lair:2        Snake (3/4) Lair:3        Slime (0/5) Lair:5
    Orc (2/2) D:12            Elf (0/3) Orc:2        Vaults (0/5) D:13
 Depths (0/4) D:15         Bailey (visited)

Altars:
Ashenzari
Cheibriados
Dithmenos
Elyvilon
Fedhas
Gozag
Hepliaklqana
Kikubaaqudgha
Makhleb
Nemelex Xobeh
Okawaru
Qazlal
Ru
Sif Muna
Trog
Uskayaw
Vehumet
Wu Jian
Xom
Yredelemnul
Zin
The Shining One
Jiyva

Shops:
D:1 *   D:4 !   D:7 ?   D:10 =?==:::   Orc:1 *   Orc:2 (=([   Shoals:1 *
Snake:3 ([

Annotations:
D:12 2 runed translucent doors
Lair:3 3 runed translucent doors, exclusion: ice statue, Qenutwie's ghost, journeyman HOCA
Shoals:2 Polyphemus
Snake:2 1 runed translucent door, Razfen's ghost, adept GnWn

~~~~..~~~~~~~~~~~~~...
P~........~~~~$~≈~~$~..
P...~......~...~$....~~
P~P~.........♣.........PP~
....~.......♣.......#..~~~
......~................P~
#.~~~~~♣..h...~≈≈~.~~PPP
##.≈~≈~.Y.C8...≈≈≈≈≈≈≈≈≈
###..≈≈≈..YD..~≈≈≈≈≈≈≈≈≈≈≈
....~~~≈##.Rw..~≈≈≈≈≈≈≈≈≈≈
....~.)..♣.$.\...~~~~~~~≈≈
..............\~~~~~~~~~P
#..####....~...│~~.~~~.. #
#.♣.♣....♣...~P~P
♣.~~...~......~P
#~~~~~.~...~...
#.~~~.....~~...


You could see Polyphemus (ally target), a death yak (ally target), a catoblepas
(ally target), a friendly dryad (summoned), a friendly snaplasher vine, a
friendly wolf (summoned) and a friendly lightning spire (summoned).


Message History

Polyphemus throws the catoblepas at you!
The catoblepas gores you!
Unknown command.
Casting: Call Canine Familiar (safe; 1% risk of failure)
Confirm with . or Enter, or press ? or * to list all spells.
A forested plane collides here with a resounding crunch!
Your dryad calls out to the forest.
The forest starts to sway and rumble!
The catoblepas gores you.
Polyphemus throws a large rock.
The large rock hits your mana viper.
A death yak comes into view.
The catoblepas closely misses you.
Your mana viper splashes around in the water.
The catoblepas gores you!
Polyphemus closely misses your mana viper.
Polyphemus barely misses your mana viper.
Your mana viper bites Polyphemus.
Your dryad hits the catoblepas.
You feel roots moving beneath the ground.
Your mana viper bites Polyphemus!!
The catoblepas gores your dryad.
A death yak comes into view.
Polyphemus throws a large rock.
The large rock hits your mana viper!!
Your dryad hits the catoblepas but does no damage.
The trees move their gnarly branches around.
Your wolf bites Polyphemus.
Your mana viper bites Polyphemus but does no damage.
The catoblepas breathes a plume of calcifying dust at you.
The blast of calcifying dust hits you. Polyphemus throws the death yak at you!
* * * LOW HITPOINT WARNING * * *
Your wolf barely misses Polyphemus.
Your mana viper bites Polyphemus.
Your dryad hits the catoblepas.
You are engulfed in calcifying dust.
You are slowing down.
Tree limbs sway around you.
A root smacks the death yak from below!
The forest calms down.
Your wolf bites Polyphemus.
Your mana viper bites Polyphemus!!
The death yak misses you.
The catoblepas breathes a plume of calcifying dust at you.
The blast of calcifying dust hits you but does no damage.
Polyphemus throws a large rock.
The large rock hits your mana viper!!
Your wolf bites Polyphemus!
Your dryad hits the catoblepas.
Unknown command.
You bite the death yak!!
You are engulfed in calcifying dust.
Your mana viper bites Polyphemus but does no damage.
Your wolf bites Polyphemus.
The death yak closely misses you.
The catoblepas breathes a plume of calcifying dust at you.
The blast of calcifying dust hits you but does no damage.
Polyphemus hits your mana viper!
Your mana viper dies!
Your mana viper disappears in a puff of smoke!
Your dryad calls out to the forest.
Vines fly forth from the trees!
Your wolf bites Polyphemus but does no damage.
Your limbs are stiffening.
Unknown command.
You bite the death yak!!
You are engulfed in calcifying dust.
Your limbs have turned to stone.
Your wolf bites Polyphemus but does no damage.
The death yak completely misses you.
The catoblepas breathes a plume of calcifying dust at you.
The blast of calcifying dust hits you but does no damage.
Polyphemus roars, "You will make a great snack!"
Your dryad hits the catoblepas.
Your wolf bites Polyphemus but does no damage.
You have turned to stone.
You are engulfed in calcifying dust.
The death yak gores you!
* * * LOW HITPOINT WARNING * * *
The catoblepas gores you.
* * * LOW HITPOINT WARNING * * *
The death yak gores your lightning spire but does no damage.
Your dryad hits the catoblepas but does no damage.
You are engulfed in calcifying dust.
Your wolf bites Polyphemus but does no damage.
The catoblepas gores you!!
* * * LOW HITPOINT WARNING * * *
The death yak gores you!
* * * LOW HITPOINT WARNING * * *
Polyphemus throws the death yak at you!
* * * LOW HITPOINT WARNING * * *
The death yak gores you but does no damage.
Your wolf bites Polyphemus.
Your dryad hits the catoblepas.
Your snaplasher vine grabs the death yak.
Your snaplasher vine hits the death yak but does no damage.
Your snaplasher vine constricts the death yak.
Your wolf bites Polyphemus.
The catoblepas gores you!!
* * * LOW HITPOINT WARNING * * *
The death yak gores your snaplasher vine!!
The death yak gores you but does no damage.
Your dryad hits the catoblepas.
Your snaplasher vine loses its grip on the death yak.
The vine drags the death yak backwards!
Your snaplasher vine grabs the death yak.
Your snaplasher vine hits the death yak.
The death yak dies!
The death yak gores you!!
You die...
Your body crumbles into a pile of gold.

Skill      XL: |  1  2  3  4  5  6  7  8  9 10 11 12 13 14 15 |
---------------+----------------------------------------------+-----
Summonings     | 5 7 8 9 10 | 10.0
Air Magic      | 2 4 7 |  7.0
Fighting       | 4 7 9 11 12 15 | 15.0
Dodging        | 6 9 12 14 17 19 | 19.0
Spellcasting   | 4 6 8 10 | 10.0
Hexes          | 10 9 | 10.0
Translocations | 10 9 | 10.0
Transmutations | 14 13 | 14.9
Earth Magic    | 3 1 |  3.2
Unarmed Combat | 6 7 |  7.2
Stealth        | |  2.6

Action                   |  1- 3 |  4- 6 |  7- 9 | 10-12 | 13-15 || total
-------------------------+-------+-------+-------+-------+-------++-------
Melee: Unarmed           |    94 |    54 |    59 |   137 |   547 ||   891
       Bite              |     9 |     9 |     7 |    15 |   104 ||   144
       Punch             |     1 |     1 |     1 |     1 |    12 ||    16
       Tailslap          |       |       |       |       |    42 ||    42
 Cast: Summon Small Mamm |    48 |    18 |    21 |     2 |       ||    89
       Call Canine Famil |    10 |    32 |    52 |    93 |   165 ||   352
       Summon Lightning  |       |       |    45 |   157 |   186 ||   388
       Summon Mana Viper |       |       |       |       |   193 ||   193
       Summon Forest     |       |       |       |       |    97 ||    97
       Dragon Form       |       |       |       |       |    58 ||    58
       Statue Form       |       |       |       |       |     3 ||     3
Invok: Call Merchant     |       |       |       |       |     7 ||     7
 Abil: Breathe Fire      |       |       |       |       |    16 ||    16
Evoke: Wand              |       |     2 |       |    14 |    17 ||    33
       Lightning rod     |       |       |       |       |     4 ||     4
       Condenser vane    |       |       |       |       |     1 ||     1
  Use: Scroll            |       |       |    11 |    11 |    11 ||    33
       Potion            |       |       |     1 |     3 |     7 ||    11
 Stab: Distracted        |     1 |     2 |       |     4 |    21 ||    28
       Sleeping          |     3 |     1 |     1 |       |     3 ||     8
Armor: Skin              |     5 |     2 |     4 |    11 |    99 ||   121
Dodge: Dodged            |    85 |    51 |    82 |   409 |   920 ||  1547

Levels and vault maps discovered:
D:1:      amcnicky_arrival_blooded_trapdoor, layout_loops_ring, serial_shops,
          nicolae_shop_crystal
D:2:      layout_loops_ring, basic_altar, moated_statue
D:3:      layout_rooms, hellmonk_ecumenical_altar_arch_garden, uniq_jessica,
          uniq_sigmund, uniq_crazy_yiuf_cottage, uniq_robin
D:4:      layout_basic, nicolae_qazlal_style_of_elements, serial_shops, shop
D:5:      layout_loops_ring, makhleb_grotto_becter, nrook_uturn,
          serial_park_tiny_2, minmay_liquid_box, dk_vineyard_3,
          kennysheep_generic_room_9
D:6:      layout_rooms, nicolae_ashenzari_skybound, grunt_decor_mini_mirrors
D:7:      layout_loops_corners, minmay_temple_entry_fiery, serial_shops, shop,
          kennysheep_generic_room_11
D:8:      layout_rooms, mainiacjoe_overflow_boulevard, enter_bailey_5,
          grunt_ministairs_6
D:9:      layout_long_grid, lair_entry_dummy, uniq_harold
D:10:     layout_stronghold, mainiacjoe_overflow_cross_hatched,
          nicolae_ru_the_path_less_chosen, minmay_misc_feat_alley,
          chequers_avenue, minmay_rotating_lava
D:11:     layout_gridville
D:12:     minmay_expanding_circles, layout_gridville, zombieorc1_lemuel
D:13:     layout_irregular_city, erik_vaults_1, onia_ninara_cookie
D:14:     layout_cave_pools, minmay_misc_feat_doors
D:15:     gammafunk_depths_entry_grave, layout_basic,
          nemelex_diamond_rough_becter, minmay_misc_feat_rugged, uniq_jorgrun,
          uniq_kirke
Temple:   eino_temple_rhombus
Lair:1:   layout_gridlike, serial_rivers, chequers_serial_rivers_small_3,
          chequers_serial_rivers_micro_c, chequers_serial_rivers_micro_c,
          chequers_serial_rivers_small_a, chequers_serial_rivers_small_b,
          uniq_gastronok
Lair:2:   lemuel_reptile_caves, layout_cave_pods, minmay_shoals_entry_beasts,
          gauntlet_entry_generic, uniq_amaemon
Lair:3:   regret_index_bee_streams, layout_chaotic_city,
          guppyfry_snake_entry_garden, gammafunk_ghost_ooze, ice2_lemuel,
          lemuel_fruit_fields
Lair:4:   layout_roguey
Lair:5:   minmay_lair_end_enchanted_forest, layout_regular_city, slime_entry_1,
          infiniplex_staircase_pool
Shoals:1: layout_shoals, serial_shops, nicolae_shop_waterfront
Shoals:2: layout_shoals, uniq_ilsuiw, uniq_polyphemus
Snake:1:  layout_honeycomb, drop_trap, nicolae_snake_snakes_in_the_grass,
          grunt_megastairs_4, serial_bayou_shore_a, lemuel_fruit_tree,
          uniq_nikola, uniq_roxanne
Snake:2:  layout_onion, ebering_ghost_inner_flame, serial_shops, bzr_firewalk,
          nicolae_snake_single_loop, serial_bayou_shore_b, grunt_megastairs_2
Snake:3:  layout_gridlike, serial_shops, nicolae_shop_bloodbath_and_beyond,
          statue_in_the_mist_lemuel, minmay_shop_grid_forest, uniq_aizul,
          uniq_asterion
Orc:1:    layout_diamond_mine, portal_ice_cave_entry_pillars_2,
          nicolae_shop_clearance
Orc:2:    grunt_orc_community_town_hall, layout_diamond_mine,
          grunt_orc_community_big_house_1, grunt_orc_community_big_house_2,
          grunt_orc_community_house_3, grunt_orc_community_house_3,
          grunt_orc_community_house_1, grunt_orc_community_house_3,
          grunt_orc_community_house_1, uniq_azrael, uniq_nessos, uniq_rupert,
          uniq_josephine

Notes
Turn   | Place    | Note
-------+----------+-------------------------------------------
     0 | D:1      | stingscourger the Felid Summoner began the quest for the
                  | Orb.
     0 | D:1      | Reached XP level 1. HP: 7/7 MP: 4/4
   175 | D:1      | Reached XP level 2. HP: 7/11 MP: 3/6
   582 | D:1      | Reached skill level 5 in Summonings
   619 | D:1      | Reached XP level 3. HP: 14/14 MP: 4/7
   735 | D:1      | Learned a level 3 spell: Call Canine Familiar
   783 | D:1      | Found Caimn's General Store.
  1004 | D:1      | You pick up a book of the Tundra and begin reading...
  1004 | D:1      | You add the spells Hailstorm, Ice Form and Simulacrum to
                  | your library.
  1501 | D:2      | Found an ancient bone altar of Kikubaaqudgha.
  1609 | D:2      | Reached XP level 4. HP: 18/18 MP: 2/8
  2074 | D:2      | You pick up a book of the Hunter and begin reading...
  2304 | D:3      | Noticed Robin
  2469 | D:3      | Found a faded altar of an unknown god.
  2477 | D:3      | Noticed Sigmund
  2491 | D:3      | HP: 3/18 [Sigmund/+0 scythe (8)]
  2492 | D:3      | Noticed Jessica
  2530 | D:3      | Reached skill level 6 in Summonings
  2726 | D:3      | Killed Sigmund
  2727 | D:3      | Reached skill level 7 in Summonings
  2727 | D:3      | Reached XP level 5. HP: 19/21 MP: 3/9
  2727 | D:3      | Gained mutation: You are covered in thick fur. (AC +2)
                  | [Felid growth]
  2727 | D:3      | Reached XP level 6. HP: 21/24 MP: 3/10
  2792 | D:3      | Found a runed translucent door.
  2793 | D:3      | Noticed Crazy Yiuf
  3024 | D:3      | Killed Robin
  3025 | D:3      | Reached skill level 1 in Air Magic
  3213 | D:3      | Killed Jessica
  3345 | D:3      | Killed Crazy Yiuf
  3474 | D:4      | Learned a level 4 spell: Summon Lightning Spire
  3582 | D:4      | Reached skill level 2 in Air Magic
  3844 | D:4      | Reached XP level 7. HP: 27/27 MP: 11/11
  3866 | D:4      | Reached skill level 8 in Summonings
  3962 | D:4      | Noticed a water elemental
  3964 | D:4      | Found a stormy altar of Qazlal.
  3966 | D:4      | Noticed an air elemental
  3966 | D:4      | Noticed a fire elemental
  4241 | D:4      | Reached skill level 3 in Air Magic
  4585 | D:4      | Found Obutadela's Distillery.
  4635 | D:4      | Bought a potion of heal wounds for 60 gold pieces
  5017 | D:5      | Entered Level 5 of the Dungeon
  5039 | D:5      | Reached skill level 4 in Air Magic
  5384 | D:5      | Reached XP level 8. HP: 31/31 MP: 9/12
  5545 | D:5      | Reached skill level 5 in Air Magic
  5637 | D:5      | Found a burning altar of Makhleb.
  5850 | D:5      | You pick up a book of the Senses and begin reading...
  5850 | D:5      | You add the spells Dazzling Flash, Agony and Silence to
                  | your library.
  6031 | D:6      | Reached skill level 9 in Summonings
  6240 | D:6      | Reached skill level 6 in Air Magic
  6618 | D:6      | Found a broken altar of Ashenzari.
  6940 | D:6      | Reached skill level 7 in Air Magic
  7346 | D:7      | Reached XP level 9. HP: 34/34 MP: 3/13
  7440 | D:7      | Reached skill level 10 in Summonings
  7588 | D:7      | You pick up a book of Conjurations and begin reading...
  7588 | D:7      | You add the spells Magic Dart, Searing Ray and Fulminant
                  | Prism to your library.
  7635 | D:7      | You add the spells Sting, Poisonous Vapours and Olgreb's
                  | Toxic Radiance to your library.
  7655 | D:7      | Reached skill level 1 in Fighting
  7655 | D:7      | Reached skill level 3 in Dodging
  7765 | D:7      | Reached skill level 2 in Fighting
  7765 | D:7      | Reached skill level 4 in Dodging
  8031 | D:7      | Found Wahe's Magic Scroll Emporium.
  8142 | D:7      | Reached skill level 3 in Spellcasting
  8327 | D:7      | Found a staircase to the Ecumenical Temple.
  8333 | Temple   | Entered the Ecumenical Temple
  8495 | Temple   | Became a worshipper of Gozag Ym Sagoz the Greedy
  9001 | D:8      | Reached skill level 5 in Dodging
  9003 | D:8      | Reached skill level 3 in Fighting
  9261 | D:8      | Reached skill level 4 in Spellcasting
  9312 | D:8      | Found a flagged portal.
  9342 | Bailey   | Entered a bailey
  9406 | Bailey   | Reached skill level 6 in Dodging
  9667 | Bailey   | Reached skill level 4 in Fighting
  9966 | Bailey   | Reached XP level 10. HP: 43/43 MP: 12/18
 10068 | Bailey   | Reached skill level 7 in Dodging
 10282 | Bailey   | Reached skill level 5 in Spellcasting
 10468 | Bailey   | Reached skill level 5 in Fighting
 11148 | Bailey   | You add the spells Gell's Gravitas, Teleport Other and
                  | Dispersal to your library.
 11507 | D:8      | Found a hide-covered altar of Uskayaw.
 11966 | D:9      | Noticed Harold
 11999 | D:9      | Killed Harold
 12000 | D:9      | Reached skill level 8 in Dodging
 12021 | D:9      | Reached skill level 6 in Fighting
 12197 | D:9      | Reached skill level 6 in Spellcasting
 12781 | D:9      | Reached skill level 9 in Dodging
 13050 | D:9      | Found a staircase to the Lair.
 13237 | D:10     | Entered Level 10 of the Dungeon
 13436 | D:10     | Found a sacrificial altar of Ru.
 13569 | D:10     | Found a bloodstained altar of Trog.
 13754 | D:10     | Noticed a two-headed ogre
 13772 | D:10     | Killed a two-headed ogre
 13773 | D:10     | Reached skill level 7 in Fighting
 13773 | D:10     | Reached XP level 11. HP: 50/50 MP: 1/22
 14847 | D:10     | Noticed a necromancer
 14847 | D:10     | Noticed a hell knight
 14848 | D:10     | Noticed a hell knight
 15031 | Lair:1   | Entered Level 1 of the Lair of Beasts
 15046 | Lair:1   | Reached skill level 7 in Spellcasting
 15095 | Lair:1   | Reached skill level 10 in Dodging
 15315 | Lair:1   | HP: 12/50 [poisoned by a black mamba]
 15349 | Lair:1   | Reached skill level 8 in Fighting
 15457 | Lair:1   | Noticed a boulder beetle
 15493 | Lair:1   | Killed a boulder beetle
 15609 | Lair:1   | Reached skill level 11 in Dodging
 15777 | Lair:1   | Noticed Gastronok
 15799 | Lair:1   | Killed Gastronok
 15800 | Lair:1   | Reached skill level 8 in Spellcasting
 16416 | Lair:2   | Noticed Amaemon
 16426 | Lair:2   | Killed Amaemon
 16549 | Lair:2   | Found a gate leading to a gauntlet.
 16688 | Lair:2   | Reached skill level 9 in Fighting
 16869 | Lair:2   | Reached skill level 12 in Dodging
 17018 | Lair:2   | Gained mutation: Your thick and shaggy fur keeps you warm.
                  | (AC +3, rC+) [Felid growth]
 17018 | Lair:2   | Reached XP level 12. HP: 57/57 MP: 21/25
 17550 | Lair:2   | Reached skill level 9 in Spellcasting
 17617 | Lair:2   | You pick up a book of the Spheres and begin reading...
 17617 | Lair:2   | You add the spells Iskenderun's Battlesphere, Fireball,
                  | Conjure Ball Lightning and Orb of Destruction to your
                  | library.
 18077 | Lair:2   | Reached skill level 13 in Dodging
 18103 | Lair:2   | Found a staircase to the Shoals.
 18287 | Lair:3   | Reached skill level 10 in Fighting
 18677 | Lair:3   | Noticed an ice dragon
 18697 | Lair:3   | Killed an ice dragon
 18763 | Lair:3   | Found a runed translucent gate.
 18763 | Lair:3   | Found a runed translucent gate.
 18764 | Lair:3   | Found a runed translucent gate.
 18767 | Lair:3   | Noticed Qenutwie's ghost (journeyman HOCA)
 18830 | Lair:3   | Found a staircase to the Snake Pit.
 19182 | Lair:3   | Reached skill level 10 in Spellcasting
 19270 | Lair:3   | Reached skill level 14 in Dodging
 19922 | Lair:3   | Reached skill level 11 in Fighting
 20379 | Lair:3   | Reached XP level 13. HP: 63/63 MP: 22/28
 20944 | Lair:3   | Found a viscous altar of Jiyva.
 21155 | D:10     | Bought the Tome of Generative Glaciation for 494 gold
                  | pieces
 21155 | D:10     | You add the spells Freeze, Summon Mana Viper and Summon
                  | Forest to your library.
 21161 | D:10     | Learned a level 5 spell: Summon Forest
 21167 | D:10     | Learned a level 5 spell: Summon Mana Viper
 21530 | Lair:4   | Reached skill level 1 in Hexes
 21530 | Lair:4   | Reached skill level 1 in Translocations
 21799 | Lair:4   | Reached skill level 2 in Hexes
 21799 | Lair:4   | Reached skill level 2 in Translocations
 21841 | Lair:4   | Reached skill level 15 in Dodging
 21928 | Lair:4   | Reached skill level 3 in Hexes
 21928 | Lair:4   | Reached skill level 3 in Translocations
 22247 | Lair:4   | Reached skill level 4 in Hexes
 22247 | Lair:4   | Reached skill level 4 in Translocations
 22760 | Lair:5   | Entered Level 5 of the Lair of Beasts
 23056 | Lair:5   | Found a viscous altar of Jiyva.
 23056 | Lair:5   | Found a staircase to the Slime Pits.
 23294 | Lair:5   | Reached skill level 5 in Hexes
 23294 | Lair:5   | Reached skill level 5 in Translocations
 23424 | Lair:5   | Reached skill level 12 in Fighting
 23567 | Lair:5   | Reached skill level 6 in Translocations
 23568 | Lair:5   | Reached skill level 6 in Hexes
 24445 | Lair:5   | Reached skill level 7 in Translocations
 24448 | Lair:5   | HP: 10/65 [spriggan/+0 short sword (35)]
 24458 | Lair:5   | Reached skill level 7 in Hexes
 24460 | Lair:5   | Reached skill level 16 in Dodging
 24789 | Lair:5   | Reached XP level 14. HP: 69/69 MP: 12/29
 24829 | Lair:5   | Reached skill level 8 in Hexes
 24829 | Lair:5   | Reached skill level 8 in Translocations
 27105 | D:12     | Reached skill level 9 in Translocations
 27232 | D:12     | Reached skill level 9 in Hexes
 27442 | D:12     | Found a staircase to the Orcish Mines.
 27837 | D:12     | Reached skill level 13 in Fighting
 28441 | D:12     | Found a runed translucent door.
 28456 | D:12     | HP: 5/70 [red ugly thing (18)]
 28457 | D:12     | Shot with a bolt by a yaktaur
 28458 | D:12     | Reached XP level 13. HP: -2/66 MP: 14/28
 28897 | D:12     | Noticed a fire giant
 28899 | D:12     | Found a runed translucent door.
 28992 | Orc:1    | Entered Level 1 of the Orcish Mines
 29067 | D:10     | Bought a scroll of butterflies for 52 gold pieces
 29132 | Orc:1    | Found a frozen archway.
 29755 | Orc:1    | Found Bachuych's CLEARANCE SALE!.
 29883 | Orc:2    | Entered Level 2 of the Orcish Mines
 30122 | Orc:2    | Identified a +2 robe of the Archmagi
 30316 | Orc:2    | Reached skill level 17 in Dodging
 30324 | Orc:2    | Reached skill level 10 in Translocations
 30327 | Orc:2    | Reached skill level 10 in Hexes
 31009 | Orc:2    | Noticed Rupert
 31018 | Orc:2    | Noticed Josephine
 31085 | Orc:2    | Killed Josephine
 31157 | Orc:2    | Killed Rupert
 31310 | Orc:2    | a +2 triple sword of distortion {!wrare}; a +1 ring mail of
                  | willpower
 31503 | Orc:2    | Reached XP level 14. HP: 71/71 MP: 21/29
 31879 | Orc:2    | Paralysed by an orc sorcerer for 3 turns
 31939 | Orc:2    | Found a staircase to the Elven Halls.
 32471 | Orc:2    | Reached skill level 14 in Fighting
 32471 | Orc:2    | Reached skill level 18 in Dodging
 32867 | Orc:2    | Noticed Saint Roka
 32886 | Orc:2    | Killed Saint Roka
 32899 | Orc:2    | Noticed Azrael
 33109 | Orc:2    | Found Hixikyew's Jewellery Emporium.
 33136 | Orc:2    | Killed Azrael
 33299 | Orc:2    | Found Xadwugg's Antique Armour Shoppe.
 33309 | Orc:2    | Found Enuummybbuq's Antique Weapon Emporium.
 33460 | Orc:2    | Noticed Nessos
 33474 | Orc:2    | Killed Nessos
 33583 | Orc:2    | Found Ymunlul's Weapon Shoppe.
 35178 | D:10     | Upgraded the game from 0.30-a0-570-g486de37d69 to
                  | 0.30-a0-576-g89cddaab80
 35207 | D:10     | Bought the Quarto of Reformation and the Geologist for 760
                  | gold pieces
 35207 | D:10     | You add the spells Petrify, Lee's Rapid Deconstruction and
                  | Dragon Form to your library.
 35486 | D:13     | Reached skill level 1 in Transmutations
 35644 | D:13     | Reached skill level 2 in Transmutations
 35894 | D:13     | You pick up a book of Decay and begin reading...
 35894 | D:13     | You add the spells Cigotuvi's Dreadful Rot, Dispel Undead
                  | and Death Channel to your library.
 35930 | D:13     | You pick up a book of Air and begin reading...
 35930 | D:13     | You add the spells Shock, Swiftness and Airstrike to your
                  | library.
 35979 | D:13     | Reached skill level 3 in Transmutations
 36411 | D:13     | HP: 7/72 [efreet/bolt of fire (28)]
 36772 | D:13     | Found a gate to the Vaults.
 36779 | D:13     | Reached skill level 19 in Dodging
 36782 | D:13     | Reached skill level 4 in Transmutations
 37011 | D:13     | Reached skill level 15 in Fighting
 37075 | D:13     | Reached skill level 5 in Transmutations
 37496 | D:14     | Reached skill level 6 in Transmutations
 37807 | D:14     | Reached XP level 15. HP: 55/77 MP: 4/30
 38046 | D:14     | Reached skill level 7 in Transmutations
 38512 | D:14     | Identified the +1 leather armour of Courage {rElec Dex+10}
 38586 | D:15     | Entered Level 15 of the Dungeon
 38729 | D:15     | Reached skill level 8 in Transmutations
 39027 | D:15     | Noticed Jorgrun
 39041 | D:15     | Killed Jorgrun
 39207 | D:15     | Found a staircase to the Depths.
 39231 | D:15     | Noticed Kirke
 39238 | D:15     | Reached skill level 9 in Transmutations
 39244 | D:15     | Killed Kirke
 39507 | D:15     | HP: 18/74 [meliai/divine providence (16)]
 39523 | D:15     | HP: 14/75 [meliai/divine providence (9)]
 39764 | D:15     | Reached skill level 10 in Transmutations
 39994 | D:15     | Found a sparkling altar of Nemelex Xobeh.
 40208 | D:15     | Learned a level 7 spell: Dragon Form
 40469 | Snake:1  | Entered Level 1 of the Snake Pit
 40692 | Snake:1  | Reached skill level 11 in Transmutations
 41236 | Snake:1  | Reached skill level 12 in Transmutations
 41509 | Snake:1  | You pick up a book of Scorching and begin reading...
 41509 | Snake:1  | You add the spells Scorch, Flame Wave and Summon Cactus
                  | Giant to your library.
 41591 | Snake:1  | Noticed Roxanne
 41613 | Snake:1  | Killed Roxanne
 41617 | Snake:1  | You pick up a book of the Earth and begin reading...
 41698 | Snake:1  | Learned a level 6 spell: Statue Form
 41801 | Snake:1  | Reached skill level 1 in Earth Magic
 42092 | Snake:1  | Identified the +2 pair of gloves of Red Surprise {*Slow
                  | Will- Str+7 Dex+9}
 42092 | Snake:1  | Noticed Nikola
 42112 | Snake:1  | Killed from afar by Nikola
 42113 | Snake:1  | Reached XP level 14. HP: -20/94 MP: 15/29
 42165 | Snake:1  | Killed Nikola
 42461 | Snake:2  | Reached skill level 2 in Earth Magic
 42673 | Snake:2  | Found a flickering gateway to a bazaar.
 42682 | Bazaar   | Entered a bazaar
 42682 | Bazaar   | Found Goulul's General Store.
 42682 | Bazaar   | Found Dufryorghe's Jewellery Shoppe.
 42682 | Bazaar   | Found Botritz's Weapon Emporium.
 42682 | Bazaar   | Found Jomun's Weapon Emporium.
 42718 | Bazaar   | Bought 2 potions of heal wounds for 90 gold pieces
 42805 | Snake:2  | Reached skill level 3 in Earth Magic
 42825 | Snake:2  | Found a runed translucent door.
 42827 | Snake:2  | Noticed Razfen's ghost (adept GnWn)
 43124 | Snake:2  | Reached XP level 15. HP: 77/77 MP: 22/30
 43237 | Snake:2  | Reached skill level 1 in Unarmed Combat
 43242 | Snake:2  | Reached skill level 13 in Transmutations
 43499 | Snake:2  | Reached skill level 2 in Unarmed Combat
 44542 | Snake:3  | Reached skill level 3 in Unarmed Combat
 44554 | Snake:3  | Identified the +0 pair of gloves "Zaqavaj" {Str+4 Slay+5}
 44683 | Snake:3  | Found Veidempulat's Armour Emporium.
 44794 | Snake:3  | Noticed Aizul
 44802 | Snake:3  | Killed Aizul
 44918 | Snake:3  | Noticed Asterion
 44922 | Snake:3  | Reached skill level 4 in Unarmed Combat
 44932 | Snake:3  | Killed from afar by Asterion
 44933 | Snake:3  | Reached XP level 14. HP: -4/109 MP: 12/29
 44950 | Snake:3  | Noticed a cacodemon
 44960 | Snake:3  | Killed Asterion
 45599 | Snake:3  | Reached skill level 5 in Unarmed Combat
 45599 | Snake:3  | Reached skill level 14 in Transmutations
 46050 | Snake:3  | Found Utike's Weapon Shoppe.
 46062 | Snake:3  | You pick up a book of Blasting and begin reading...
 46062 | Snake:3  | You add the spells Kindle Blastsparks and Iskenderun's
                  | Mystic Blast to your library.
 46429 | Shoals:1 | Entered Level 1 of the Shoals
 47213 | Shoals:1 | Found Ziod Ysu's Assorted Antiques.
 47229 | Shoals:1 | Reached skill level 6 in Unarmed Combat
 48398 | Shoals:2 | Noticed Ilsuiw
 48405 | Shoals:2 | Reached XP level 15. HP: 56/77 MP: 4/30
 48413 | Shoals:2 | Reached skill level 7 in Unarmed Combat
 48420 | Shoals:2 | Killed Ilsuiw
 48427 | Shoals:2 | Noticed Polyphemus
 48593 | Shoals:2 | HP: 20/115 [Polyphemus/death yak (14)]
 48594 | Shoals:2 | HP: 7/115 [catoblepas[Polyphemus] (13)]
 48595 | Shoals:2 | Slain by a death yak

Vanquished Creatures
  Asterion (Snake:3)
  Roxanne (Snake:1)
  Ilsuiw (Shoals:2)
  Aizul (Snake:3)
  A merfolk javelineer (Shoals:2)
  Harold (D:9)
  3 anacondas
  A centaur warrior (Shoals:1)
  2 naga warriors (Snake:3)
  2 naga sharpshooters (Snake:2)
  2 shock serpents
  A golden dragon zombie (D:15)
  A salamander mystic (Snake:2)
  4 naga ritualists (Snake:1)
  4 sea snakes (Shoals:1)
  6 harpies (Shoals:1)
  An ugly thing (D:13)
  3 salamanders
  9 mana vipers
  4 manticores
  A merfolk siren (Shoals:2)
  14 black mambas
  13 naga magi
  2 guardian serpents (Snake:3)
  A water nymph (Shoals:1)
  A komodo dragon (Lair:1)
  2 meliai (D:15)
  A guardian mummy (D:15)
  A polar bear (Lair:5)
  2 wind drakes (Shoals:1)
  9 merfolk (Shoals:1)
  A blink frog (Lair:4)
  A wraith (D:13)
  20 nagas
  A water moccasin (Lair:2)
  2 wolves
  A centaur (Bailey)
  5 killer bees
  4 electric eels
  Crazy Yiuf (D:3)
  2 orc priests
  An orc wizard (Orc:2)
  An adder (D:6)
  2 orcs (Orc:2)
  4 ball pythons
  2 endoplasms
  2 giant cockroaches
  4 goblins
  2 hobgoblins
  2 jackals (D:1)
  2 quokkas (D:1)
  3 bats (D:2)
  3 frilled lizards (D:1)
  A goblin zombie (D:12)
  5 rats
  A plant (Shoals:1)
169 creatures vanquished.

Vanquished Creatures (collateral kills)
  Saint Roka (Orc:2)
  Nikola (Snake:1)
  Jorgrun (D:15)
  Rupert (Orc:2)
  Kirke (D:15)
  Gastronok (Lair:1)
  Nessos (Orc:2)
  Azrael (Orc:2)
  A merfolk impaler (Shoals:2)
  An entropy weaver (shapeshifter) (D:13)
  Josephine (Orc:2)
  An ice dragon (Lair:3)
  4 hydras
  An ogre mage (Orc:2)
  A catoblepas (D:14)
  5 centaur warriors
  A spriggan skeleton (D:15)
  4 boulder beetles
  12 two-headed ogres
  2 dancing weapons (D:13)
  2 tengu warriors (D:13)
  A shock serpent (Snake:1)
  7 death yaks
  3 naga warriors
  A spark wasp zombie (D:15)
  A skeletal warrior (D:15)
  Amaemon (Lair:2)
  3 naga ritualists
  A flayed ghost (D:15)
  2 harpies (Shoals:1)
  A lindwurm (shapeshifter) (D:13)
  4 deep elf pyromancers
  A mana viper (Snake:1)
  A necromancer (D:15)
  6 orc knights
  5 orc sorcerers
  2 cyclopes (D:15)
  14 ugly things
  A manticore (shapeshifter) (D:13)
  5 elephants
  5 manticores
  13 black mambas
  An iron dragon skeleton (D:15)
  3 naga magi (Snake:1)
  3 gargoyles
  An orange demon (Lair:2)
  8 cane toads
  A water nymph (Shoals:1)
  An efreet (D:13)
  An unseen horror (D:12)
  3 rime drakes
  8 komodo dragons
  A kobold demonologist (D:13)
  A yaktaur (D:12)
  A tengu conjurer (D:13)
  A freezing wraith (D:14)
  5 polar bears
  5 trolls
  A meliai (shapeshifter) (D:14)
  2 merfolk
  A queen bee (Lair:3)
  2 wind drakes
  2 meliai
  7 hornets
  7 dream sheep (Lair:5)
  5 slime creatures
  12 blink frogs
  Sigmund (D:3)
  3 snapping turtles (Shoals:1)
  4 shadows
  7 wyverns
  13 spriggans (Lair:5)
  A human (shapeshifter) (D:13)
  8 wraiths
  2 fire elementals (Orc:2)
  44 yaks
  5 basilisks
  3 hogs (D:15)
  10 vampire mosquitoes
  2 steam dragons
  2 wargs (Orc:2)
  13 nagas
  33 water moccasins
  3 acid dragons
  8 hell hounds
  43 orc warriors
  6 black bears
  6 ice beasts
  6 ogres
  3 boggarts (Lair:5)
  31 wolves
  16 centaurs
  3 phantoms (D:12)
  A kobold brigand (D:11)
  8 bullfrogs
  3 necrophages
  4 scorpions
  11 wights
  2 troll zombies (D:12)
  34 killer bees
  6 howler monkeys
  An electric eel (Snake:1)
  A crimson imp (D:5)
  5 hounds
  A gnoll bouda (D:6)
  20 orc priests
  2 jellies
  Jessica (D:3)
  3 iguanas
  25 orc wizards
  4 ogre zombies (D:12)
  Robin (D:3)
  4 gnolls (D:6)
  22 adders
  A river rat (Lair:3)
  2 white imps (Lair:3)
  An ufetubus (D:6)
  3 worms
  2 dart slugs
  126 orcs
  6 endoplasms
  2 giant cockroaches
  17 goblins
  8 hobgoblins
  4 jackals
  10 kobolds
  3 quokkas
  3 ball pythons
  2 bats
  A hobgoblin skeleton (D:12)
  2 hobgoblin zombies (D:12)
  4 orc skeletons (D:12)
  11 orc zombies (D:12)
  A rat (D:2)
849 creatures vanquished.

Vanquished Creatures (others)
  A black mamba (Snake:1)
  3 humans (D:15)
  An ogre (D:15)
  An orc (D:15)
  46 fungi
  126 plants
  21 snaplasher vines
  11 withered plants (D:15)
210 creatures vanquished.

Grand Total: 1228 creatures vanquished

Table legend:
 A = Non-vault XP
 B = Vault XP
 C = Vault XP percentage of total XP
 D = Non-vault monster count
 E = Vault monster count
 F = Vault count percentage of total count
                 A         B        C        D         E       F
            +---------+---------+-------+---------+---------+-------
      Total |  141659 |   87149 |  38.1 |     619 |     399 |  39.2
            +---------+---------+-------+---------+---------+-------
        D:1 |      52 |       0 |   0.0 |      30 |       0 |   0.0
        D:2 |      60 |       4 |   6.2 |      25 |       2 |   7.4
        D:3 |     135 |     355 |  72.4 |      10 |      14 |  58.3
        D:4 |     502 |       0 |   0.0 |      19 |       0 |   0.0
        D:5 |     401 |      88 |  18.0 |      13 |       2 |  13.3
        D:6 |    1010 |       0 |   0.0 |      31 |       0 |   0.0
        D:7 |     980 |     145 |  12.9 |      11 |       2 |  15.4
        D:8 |    1002 |     326 |  24.5 |      17 |      12 |  41.4
        D:9 |    1275 |     868 |  40.5 |      11 |       1 |   8.3
       D:10 |    1932 |     447 |  18.8 |      15 |       3 |  16.7
       D:11 |    6209 |       0 |   0.0 |      35 |       0 |   0.0
       D:12 |    5333 |    2318 |  30.3 |      17 |      32 |  65.3
       D:13 |    7529 |   12641 |  62.7 |      20 |      24 |  54.5
       D:14 |    8805 |       0 |   0.0 |      17 |       0 |   0.0
       D:15 |    5785 |    9137 |  61.2 |      17 |      13 |  43.3
     Lair:1 |    5278 |    1476 |  21.9 |      17 |       1 |   5.6
     Lair:2 |    4828 |    4569 |  48.6 |      19 |      35 |  64.8
     Lair:3 |    3199 |    8460 |  72.6 |      13 |      58 |  81.7
     Lair:4 |    8823 |       0 |   0.0 |      38 |       0 |   0.0
     Lair:5 |   13172 |    7432 |  36.1 |      41 |      43 |  51.2
   Shoals:1 |   17024 |       0 |   0.0 |      36 |       0 |   0.0
   Shoals:2 |    2159 |    4308 |  66.6 |       4 |       5 |  55.6
    Snake:1 |    9043 |   12018 |  57.1 |      22 |      16 |  42.1
    Snake:2 |    9835 |    3216 |  24.6 |      25 |       6 |  19.4
    Snake:3 |   15643 |    2486 |  13.7 |      39 |       2 |   4.9
      Orc:1 |    1777 |       0 |   0.0 |      28 |       0 |   0.0
      Orc:2 |    9868 |   14499 |  59.5 |      49 |      87 |  64.0
     Bailey |       0 |    2356 | 100.0 |       0 |      41 | 100.0
            +---------+---------+-------+---------+---------+-------

Illustrated notes

Table legend:
 A = Kills in this place as a percentage of kills in entire the game.
 B = Kills by you in this place as a percentage of kills by you in the entire game.
 C = Kills by friends in this place as a percentage of kills by friends in the entire game.
 D = Other kills in this place as a percentage of other kills in the entire game.
 E = Experience gained in this place as a percentage of experience gained in the entire game.
 F = Experience gained in this place divided by the number of levels of this place that you have seen.
                   A       B       C       D       E      F
               +-------+-------+-------+-------+-------+----------------------
         Total | 100.0 | 100.0 | 100.0 | 100.0 | 100.0 | 7626.9
       Dungeon |  38.6 |  24.0 |  41.5 |  50.0 |  29.4 | 4489.3
          Lair |  26.0 |   7.8 |  29.7 |   0.0 |  25.0 | 11447.4
        Shoals |   4.4 |  18.0 |   1.8 |   0.0 |  10.3 | 11745.5
     Snake Pit |  10.8 |  47.3 |   3.5 |  50.0 |  22.8 | 17413.7
  Orcish Mines |  16.1 |   2.4 |  18.8 |   0.0 |  11.4 | 13072.0
        Bailey |   4.0 |   0.6 |   4.7 |   0.0 |   1.0 | 2356.0
               +-------+-------+-------+-------+-------+----------------------

Table legend: (Time is in decaauts)
 A = Elapsed time spent in this place.
 B = Non-inter-level travel time spent in this place.
 C = Inter-level travel time spent in this place.
 D = Time resting spent in this place.
 E = Time spent auto-exploring this place.
 F = Levels seen in this place.
 G = Mean time per level.
                   A        B        C        D        E       F      G
               +--------+--------+--------+--------+--------+-----+--------+
         Total |  44448 |  41346 |   3102 |   7094 |  27069 |  30 | 1481.6 |
       Dungeon |  20065 |  18365 |   1700 |   2430 |  12910 |  15 | 1337.7 |
        Temple |    138 |    117 |     21 |      0 |    105 |   1 |  138.0 |
          Lair |  10283 |   9522 |    761 |   1815 |   5824 |   5 | 2056.6 |
        Shoals |   2122 |   2052 |     70 |    253 |   1481 |   2 | 1061.0 |
     Snake Pit |   5185 |   4919 |    266 |    936 |   3205 |   3 | 1728.3 |
  Orcish Mines |   4675 |   4393 |    282 |    894 |   2724 |   2 | 2337.5 |
        Bazaar |     46 |     46 |      0 |      0 |     40 |   1 |   46.0 |
        Bailey |   1931 |   1931 |      0 |    764 |    778 |   1 | 1931.0 |
               +--------+--------+--------+--------+--------+-----+--------+

Top non-repeatable levels by time:
   Orc:2: 3666 daAuts
  Lair:3: 3202 daAuts
  Lair:5: 2401 daAuts
    D:10: 2122 daAuts
  Lair:2: 2042 daAuts
    D:13: 2016 daAuts
    D:12: 1951 daAuts
Shoals:1: 1931 daAuts
  Bailey: 1931 daAuts
 Snake:1: 1924 daAuts
 Snake:2: 1736 daAuts
 Snake:3: 1524 daAuts
    D:15: 1517 daAuts
     D:4: 1367 daAuts
    D:11: 1366 daAuts
